 Dungeon Crawl Stone Soup version 0.17-b1-25-g6d8775f (webtiles) character file.

455 radek the Conjurer (level 6, 0/32 HPs)
             Began as a Deep Elf Conjurer on Nov 5, 2015.
             Was an Initiate of Vehumet.
             Slain by a centaur (3 damage)
             ... on level 5 of the Dungeon.
             The game lasted 00:13:33 (4761 turns).

radek the Conjurer (Deep Elf Conjurer)              Turns: 4761, Time: 00:13:34

Health: 0/32       AC: 10    Str:  6    XL:     6   Next: 76%
Magic:  0/12       EV: 12    Int: 21    God:    Vehumet [......]
Gold:   324        SH:  0    Dex: 15    Spells: 2 memorised, 5 levels left

rFire  + + .     SeeInvis .     D - +0 mace (protect)
rCold  x . .     Clarity  .     z - +2 leather armour {rF+}
rNeg   . . .     SustAt   .     (no shield)
rPois  .         Gourm    +     (no helmet)
rElec  .         Spirit   .     (no cloak)
rCorr  .         Warding  .     (no gloves)
rMut   .         Stasis   .     (no boots)
MR     .....                    A - amulet of the gourmand
Stlth  ++........               E - ring of fire
                                h - ring of flight

@: very slightly contaminated, not resistant to hostile enchantments, unstealthy
A: no striking features
a: Renounce Religion, Evoke Flight


You were on level 5 of the Dungeon.
You worshipped Vehumet.
Vehumet was noncommittal.
You were not hungry.

You visited 2 branches of the dungeon, and saw 6 of its levels.

You collected 324 gold pieces.

Inventory:

Hand Weapons
 l - a +0 short sword
 D - a +0 mace of protection (weapon)
Armour
 a - a +0 robe
 z - a +2 leather armour of fire resistance (worn)
Jewellery
 h - a ring of flight (left hand)
 m - an uncursed ring of protection from cold
 y - an uncursed ring of poison resistance
 A - an amulet of the gourmand (around neck)
 E - a ring of fire (right hand)
Wands
 r - a wand of frost (25)
 t - a wand of polymorph (4)
Scrolls
 f - a scroll of magic mapping {unknown}
 g - 2 scrolls of recharging {unknown}
 j - 2 scrolls of fear {unknown}
 k - 6 scrolls of identify {unknown}
 n - 2 scrolls of enchant weapon {unknown}
 o - a scroll of remove curse {unknown}
 p - 4 scrolls of teleportation {unknown}
 q - 2 scrolls of random uselessness {unknown}
 B - a scroll of noise {unknown}
Potions
 d - 2 potions of flight {unknown}
 e - 5 potions of curing {unknown}
 i - a potion of resistance {unknown}
 s - a potion of berserk rage {unknown}
 u - a potion of mutation {unknown}
 v - a potion of haste {unknown}
 w - 2 potions of heal wounds {unknown}
 x - a potion of agility {unknown}
Books
 b - a book of Conjurations

   Spells                             Type                      Level
   a - Magic Dart                     Conjuration                  1
   b - Searing Ray                    Conjuration                  2
   c - Dazzling Spray                 Conjuration/Hexes            3
   d - Fulminant Prism                Conjuration/Hexes            4
   e - Iskenderun's Mystic Blast      Conjuration                  4
   f - Iskenderun's Battlesphere      Conjuration/Charms           5
 C - a book of Cantrips

   Spells                             Type                      Level
   a - Corona                         Hexes                        1
   b - Animate Skeleton               Necromancy                   1
   c - Summon Small Mammal            Summoning                    1
   d - Apportation                    Translocation                1
Comestibles
 c - 2 bread rations


   Skills:
 - Level 2.4 Dodging
 - Level 2.4 Stealth
 - Level 3.0 Spellcasting
 - Level 7.3 Conjurations
 * Level 6.5 Charms


You had 5 spell levels left.
You knew the following spells:

 Your Spells              Type           Power        Failure   Level  Hunger
a - Magic Dart            Conj           ####         1%          1    None
b - Iskenderun's Battles  Conj/Chrm      ####....     34%         5    ######.


Dungeon Overview and Level Annotations

Branches:
Dungeon (5/15)             Temple (1/1) D:5

Altars:
Ashenzari
Cheibriados
Dithmenos
Elyvilon
Fedhas
Gozag
Kikubaaqudgha
Makhleb
Nemelex Xobeh
Okawaru
Qazlal
Ru
Sif Muna
Trog
Vehumet
Xom
Yredelemnul
Zin
The Shining One

Shops:
D:4 [

Annotations:
D:4 Dowan, Duvessa


Message History

The centaur barely misses you. The centaur closely misses you.
The centaur hits you.
* * * LOW HITPOINT WARNING * * *
You hit the centaur but do no damage.
The centaur is severely wounded.
The centaur hits you!
* * * LOW HITPOINT WARNING * * *
The centaur barely misses you.
Casting: Magic Dart
Confirm with . or Enter, or press ? or * to list all spells.
Aiming: Magic Dart
Press: ? - help, Shift-Dir - straight line, f/p - centaur
Aim: a centaur (severely wounded)
The magic dart hits the centaur.
The centaur is almost dead.
The centaur barely misses you.
You hit the centaur but do no damage.
The centaur is almost dead.
The centaur hits you.
You die...

#......##.#
.......>#.###
............#
..........#.# #
<............. .#
..........#.### ..#
..........#.# ...#
........#.#.######....#
...........(..((@c....#
..........###.####....#
..........# #.## ...#
..........###..### ..#
..........##..[..## ##
..................#
..................#
#.................#
#####..............#


You could see a centaur.

Vanquished Creatures
  A phantom (D:5)
  A crimson imp (D:5)
  3 orc wizards
  A gnoll shaman (D:5)
  An iguana (D:4)
  A hound skeleton (D:4)
  2 adders
  4 gnolls (D:5)
  A shadow imp (D:5)
  2 oozes
  2 adder skeletons (D:4)
  A worm (D:2)
  4 giant geckos
  4 orcs
  A ball python (D:1)
  5 giant cockroaches
  6 goblins
  8 hobgoblins
  6 bats
  8 giant newts
  18 jackals
  A jackal zombie (D:5)
  9 kobolds
  16 rats
106 creatures vanquished.

Notes
Turn   | Place    | Note
--------------------------------------------------------------
     0 | D:1      | radek the Deep Elf Conjurer began the quest for the Orb.
     0 | D:1      | Reached XP level 1. HP: 10/10 MP: 6/6
    10 | D:1      | Noticed a giant frog
   191 | D:1      | Reached XP level 2. HP: 15/15 MP: 1/8
   221 | D:1      | Reached skill level 5 in Conjurations
  1088 | D:2      | Found a blossoming altar of Fedhas.
  1097 | D:2      | Found a shimmering altar of Xom.
  1242 | D:2      | Reached XP level 3. HP: 19/19 MP: 4/9
  1243 | D:2      | Found a snail-covered altar of Cheibriados.
  1544 | D:2      | Found an iron altar of Okawaru.
  1865 | D:2      | Reached skill level 6 in Conjurations
  2073 | D:2      | Found a shattered altar of Ashenzari.
  2186 | D:3      | Reached XP level 4. HP: 24/24 MP: 0/10
  2722 | D:3      | Found a stormy altar of Qazlal.
  3044 | D:4      | Found Dohufosi's Armour Shoppe.
  3117 | D:4      | Reached skill level 7 in Conjurations
  3117 | D:4      | Reached XP level 5. HP: 28/28 MP: 3/11
  3467 | D:4      | Noticed Duvessa
  3467 | D:4      | Noticed Dowan
  3521 | D:5      | Entered Level 5 of the Dungeon
  3530 | D:5      | Learned a level 5 spell: Iskenderun's Battlesphere
  3544 | D:5      | Found a staircase to the Ecumenical Temple.
  3555 | D:5      | Reached skill level 1 in Charms
  3559 | Temple   | Entered the Ecumenical Temple
  3616 | Temple   | Became a worshipper of Vehumet
  3756 | D:5      | Found a burning altar of Makhleb.
  4017 | D:5      | Reached XP level 6. HP: 28/32 MP: 1/12
  4238 | D:5      | Reached skill level 5 in Charms
  4453 | D:5      | Noticed a phantom
  4471 | D:5      | Killed a phantom
  4622 | D:5      | Noticed a centaur
  4761 | D:5      | Slain by a centaur

Action                   |  1- 3 |  4- 6 || total
-------------------------+-------+-------++-------
Melee: Unarmed           |    22 |       ||    22
       Short sword       |    14 |     6 ||    20
       Mace              |       |    10 ||    10
 Cast: Magic Dart        |   100 |   160 ||   260
       Iskenderun's Batt |       |     1 ||     1
  Eat: Chunk             |     4 |     5 ||     9
       Pizza             |       |     1 ||     1
       Bread ration      |       |     1 ||     1
